 Dungeon Crawl Stone Soup version 0.23-a0-808-gd21de94 (console) character file.

20 bli the Skirmisher (level 2, 0/24 HPs)
             Began as a Demonspawn Abyssal Knight on Jan 20, 2019.
             Was a Follower of Lugonu.
             Slain by a gnoll
             ... wielding a +1 flail of holy wrath
              (4 damage)
             ... on level 1 of the Dungeon.
             The game lasted 00:04:05 (1088 turns).

bli the Skirmisher (Demonspawn Abyssal Knight)      Turns: 1088, Time: 00:04:06

Health: 0/24       AC:  5    Str: 12    XL:     2   Next: 58%
Magic:  3/3        EV: 11    Int: 13    God:    Lugonu [*.....]
Gold:   101        SH:  0    Dex: 12    Spells: 1/1 levels left

rFire    . . .     SeeInvis .   a - +1 mace
rCold    . . .     Gourm    .   (no shield)
rNeg     + . .     Faith    .   b - +0 leather armour
rPois    .         Spirit   .   (no helmet)
rElec    .         Reflect  .   (no cloak)
rCorr    .         Harm     .   (no gloves)
MR       .....                  (no boots)
Stlth    +.........             (no amulet)
HPRegen  0.08/turn              g - ring of positive energy
MPRegen  0.08/turn              (no ring)

@: no status effects
A: molten scales 1
a: Depart the Abyss, Renounce Religion


You were on level 1 of the Dungeon.
You worshipped Lugonu.
Lugonu was aware of your devotion.
You were hungry.

You visited 1 branch of the dungeon, and saw 2 of its levels.
You visited the Abyss 1 time.

You collected 101 gold pieces.

Inventory:

Hand Weapons
 a - a +1 mace (weapon)
Missiles
 k - 24 stones (quivered)
 n - 24 sling bullets
Armour
 b - a +0 leather armour (worn)
 l - a +0 ring mail
Jewellery
 g - a ring of positive energy (left hand)
Scrolls
 h - a scroll of identify {unknown}
 i - a scroll of teleportation {unknown}
 j - a scroll of enchant armour {unknown}
 m - a scroll of fear {unknown}
 o - a scroll of remove curse {unknown}
Potions
 d - 2 potions of brilliance {unknown}
 e - a potion of invisibility {unknown}
Comestibles
 c - 4 rations
 f - a chunk of flesh


   Skills:
 + Level 3.2 Fighting
 * Level 2.3 Maces & Flails
 - Level 2.1 Armour
 + Level 0.8 Dodging
 + Level 2.6 Invocations


You had one spell level left.
You didn't know any spells.
Your spell library was empty.

Dungeon Overview and Level Annotations

Branches:
Dungeon (2/15)

Altars:


Innate Abilities, Weirdness & Mutations

You are partially covered in molten scales. (AC +2)


Message History

You hit the gnoll.
The gnoll is heavily wounded.
The gnoll hits you but does no damage.
You hit the gnoll.
The gnoll is almost dead.
The gnoll closely misses you.
You hit the gnoll but do no damage.
The gnoll is almost dead.
The gnoll hits you with a +1 flail of holy wrath.
You convulse!
You hit the gnoll but do no damage.
The gnoll is almost dead.
The gnoll closely misses you.
You hit the gnoll but do no damage.
The gnoll is almost dead.
The gnoll barely misses you.
The gnoll hits you with a +1 flail of holy wrath.
* * * LOW HITPOINT WARNING * * *
You convulse.
You die...

.# #.## #.# .# #..# ####### .#
#######..... .# ##...##.# .#
##### #..###... .# #...# #.##
#.⌠. .# #.#.# #.####...
.######.#.# #...###.# ........#.#
#.⌠.###.# #########.########
#...(....
#.>.....@#########.##....
########.....g......#........
#...÷....#########..#.⌠.###.#
#####.######## #####...#...###.#
......# #.......#.####... #######
#.##....#.## #.⌠.
#################.##....#..###...
..................###...##...##.#
################### ##..####.....
#### ######


You could see a gnoll.

Vanquished Creatures
  2 dart slugs (D:1)
  2 bats
  A goblin (D:1)
  A hobgoblin (D:1)
  4 jackals (D:1)
  A frilled lizard (D:1)
  A kobold (D:1)
  3 rats (D:1)
15 creatures vanquished.

Notes
Turn   | Place    | Note
-------+----------+-------------------------------------------
     0 | Abyss:1  | bli the Demonspawn Abyssal Knight began the quest for the
                  | Orb.
     0 | Abyss:1  | Reached XP level 1. HP: 18/18 MP: 2/2
    94 | Abyss:1  | Noticed a smoke demon
   101 | Abyss:1  | Noticed an iron imp
   103 | D:1      | Escaped the Abyss
   303 | D:1      | Reached * piety under Lugonu
   432 | D:1      | Gained mutation: You are partially covered in molten
                  | scales. (AC +2) [demonic ancestry]
   432 | D:1      | Reached XP level 2. HP: 17/24 MP: 3/3
  1088 | D:1      | Slain by a gnoll

Vault maps used:
D:1:      dpeg_arrival_chambers_temple_mockup
D:2:      lemuel_blue_sif_altar, kennysheep_slug_shrine,
          minmay_misc_feat_encased

Skill      XL: |  1 |
---------------+----+-----
Maces & Flails | 2 |  2.3
Armour         | 2 |  2.1
Fighting       | |  3.2
Dodging        | |  0.8
Invocations    | |  2.6

Action                   || total
-------------------------++-------
Melee: Mace              ||    48
Invok: Depart the Abyss  ||     1
Armor: Leather armour    ||    10
Dodge: Dodged            ||    34

Table legend:
 A = Non-vault XP
 B = Vault XP
 C = Vault XP percentage of total XP
 D = Non-vault monster count
 E = Vault monster count
 F = Vault count percentage of total count
                 A         B        C        D         E       F
            +---------+---------+-------+---------+---------+-------
      Total |      29 |       0 |   0.0 |      15 |       0 |   0.0
            +---------+---------+-------+---------+---------+-------
        D:1 |      27 |       0 |   0.0 |      14 |       0 |   0.0
        D:2 |       2 |       0 |   0.0 |       1 |       0 |   0.0
            +---------+---------+-------+---------+---------+-------
